 Dungeon Crawl Stone Soup version 0.28.0-53-g5a82cb258f (webtiles) character file.

Game seed: 7468333585778067805

59 Descartes the Shield-Bearer (level 4, -1/35 HPs)
             Began as a Formicid Fighter on July 23, 2022.
             Slain by an orc warrior
             ... wielding a +3 long sword of electrocution
              (12 damage)
             ... on level 3 of the Dungeon.
             The game lasted 00:02:34 (2509 turns).

Descartes the Shield-Bearer (Formicid Fighter)      Turns: 2509, Time: 00:02:34

Health: -1/35      AC:  6    Str: 23    XL:     4   Next: 22%
Magic:  4/4        EV:  9    Int:  7    God:
Gold:   43         SH:  4    Dex: 10    Spells: 3/3 levels left

rFire   . . .      SeeInvis +   a - +0 war axe
rCold   . . .      Faith    .   c - +0 buckler
rNeg    . . .      Spirit   .   b - +0 scale mail
rPois   .          Reflect  .   (helmet unavailable)
rElec   .          Harm     .   (no cloak)
rCorr   .          Rampage  .   (no gloves)
Will    .....                   (no boots)
Stlth   ..........              (no amulet)
HPRegen 0.11/turn               (no ring)
MPRegen 0.09/turn               (no ring)

@: no status effects
A: permanent stasis, dig shafts and tunnels, antennae 3, four strong arms
a: Dig, Shaft Self


You were on level 3 of the Dungeon.
You visited 1 branch of the dungeon, and saw 3 of its levels.

You collected 43 gold pieces.

Inventory:

Hand Weapons
 a - a +0 war axe (weapon)
Missiles
 g - 42 stones
Armour
 b - a +0 scale mail (worn)
 c - a +0 buckler (worn)
 m - a +0 chain mail
Wands
 l - a wand of polymorph (4)
Scrolls
 f - a scroll of holy word {unknown}
 j - a scroll of acquirement {unknown}
 k - a scroll of amnesia {unknown}
Potions
 d - a potion of might
 e - 2 potions of lignification {unknown}
 h - a potion of berserk rage {unknown}
 i - 2 potions of curing {unknown}


   Skills:
 - Level 3.2 Fighting
 + Level 3.1 Axes
 - Level 3.6 Armour
 + Level 4.7 Shields


You had 3 spell levels left.
You didn't know any spells.
Your spell library was empty.

Dungeon Overview and Level Annotations

Branches:
Dungeon (3/15)

Altars:
Fedhas
Gozag
Zin


Innate Abilities, Weirdness & Mutations

You cannot be hasted, slowed, berserked, paralysed or teleported.
You can dig through walls and to a lower floor.
You have a pair of large antennae on your head. (SInv)
Your four strong arms can wield two-handed weapons with a shield.


Message History

No target in view!
No target in view!
No target in view!
No target in view!
No target in view!
No target in view!
HP restored.
You now have 43 gold pieces (gained 10).
You enter a teleport trap!
The teleport trap disappears.
l - a wand of polymorph (4)
Found a chain mail.
Found a blossoming altar of Fedhas.
Found a mace.
An orc comes into view. It is wielding a +0 trident.
The orc shouts!
An orc warrior and 2 orcs come into view.
The orc warrior is wielding a +3 long sword of electrocution.
An orc is wielding a +0 hand axe and wearing a +1 ring mail of cold resistance.
An orc is wielding a +0 hand axe of pain.
Found an opulent altar of Gozag and a glowing silver altar of Zin.
The orc warrior shouts!
The orc shouts!
You see here a +0 chain mail.
m - a +0 chain mail The orc barely misses you.
The orc hits you but does no damage. The orc hits you with a +0 trident.
You hit the orc but do no damage. The orc hits you with a +0 trident.
You closely miss the orc warrior. The orc completely misses you.
You slash the orc warrior!
The orc warrior is moderately wounded.
The orc warrior closely misses you. The orc hits you but does no damage.
The orc warrior misses you.
You closely miss the orc warrior.
The orc warrior is moderately wounded.
The orc barely misses you. You block the orc warrior's attack.
The orc hits you but does no damage.
You hit the orc warrior.
The orc warrior is heavily wounded.
The orc warrior hits you with a +3 long sword of electrocution.
You are electrocuted!
The orc hits you but does no damage.
The orc warrior hits you with a +3 long sword of electrocution!
You die...

#.# ########.# #........#
#.######.# #.# #.###########
#.# #...........###### #.#
###########......# #.#
###################†##### #.#
#....oooo@..............#
#.###.#################.###.##
#.............# # ### #...
#.............# #_# #...
#####.###o....##8... #.#. #.#
#.....##.........##.#. #.#
#.....#_.........>#.#. #.#
#o.o..##.........##.#. #+#
#.....##8...8...8##.#.


You could see an orc warrior and 3 orcs.

Vanquished Creatures
  An adder (D:2)
  A worm (D:2)
  A dart slug (D:1)
  An orc (D:2)
  6 endoplasms
  7 goblins
  2 hobgoblins (D:1)
  3 jackals
  3 quokkas
  2 ball pythons (D:2)
  5 bats
  5 frilled lizards
  3 kobolds
  3 rats
43 creatures vanquished.

Notes
Turn   | Place    | Note
-------+----------+-------------------------------------------
     0 | D:1      | Descartes the Formicid Fighter began the quest for the Orb.
     0 | D:1      | Reached XP level 1. HP: 18/18 MP: 1/1
   109 | D:1      | Reached XP level 2. HP: 18/24 MP: 2/2
   438 | D:1      | Found a faded altar of an unknown god.
   453 | D:1      | Reached skill level 4 in Shields
  1307 | D:2      | Reached XP level 3. HP: 29/29 MP: 3/3
  1784 | D:2      | Reached XP level 4. HP: 28/35 MP: 4/4
  2480 | D:3      | Found a blossoming altar of Fedhas.
  2483 | D:3      | Found an opulent altar of Gozag.
  2483 | D:3      | Found a glowing silver altar of Zin.
  2483 | D:3      | Noticed an orc warrior
  2509 | D:3      | Slain by an orc warrior

Illustrated notes

Levels and vault maps discovered:
D:1:      tarquinn_simple_flora_water_b, layout_loops_ring,
          basic_ecumenical_altar, minmay_pentomino_o4
D:2:      layout_loops_corners
D:3:      layout_basic, nicolae_dithmenos_shadow_blocks,
          nicolae_overflow_hidden_temple, serial_park_tiny_1,
          grunt_ministairs_3, uniq_grinder, uniq_natasha

Skill      XL: |  1  2  3  4 |
---------------+-------------+-----
Shields        | 4 |  4.7
Axes           | 3 |  3.1
Fighting       | |  3.2
Armour         | |  3.6

Action                   |  1- 3 |  4- 6 || total
-------------------------+-------+-------++-------
Melee: War axe           |   133 |    29 ||   162
Armor: Scale mail        |    86 |    11 ||    97
Dodge: Dodged            |    66 |    16 ||    82
Block: Buckler           |    33 |     5 ||    38
